 Dungeon Crawl Stone Soup version 0.32-a0-290-g598725c5f2 (webtiles) character file.

Game seed: 1739518088909754169

2452 sanka the Fighter (level 9, -2/106 HPs)
             Began as an Oni Monk on Feb 12, 2024.
             Was a Follower of the Shining One.
             Succumbed to a hornet's poison
             ... while paralysed by a hornet
             ... on level 7 of the Dungeon on Feb 13, 2024.
             The game lasted 00:10:49 (6760 turns).

sanka the Fighter (Oni Monk)                        Turns: 6760, Time: 00:10:49

Health: -2/106     AC:  5    Str: 19    XL:     9   Next: 50%
Magic:  9/9        EV:  1    Int: 11    God:    the Shining One [*.....]
Gold:   316        SH:  0    Dex: 13    Spells: 8/8 levels left

rFire   + . .        z - +0 flail
rCold   . . .        d - orb {light}
rNeg    . . .        b - +0 robe
rPois   .            (helmet restricted)
rElec   .            w - +1 cloak
rCorr   +            (gloves unavailable)
SInv    .            (boots unavailable)
Will    .....        (no amulet)
Stlth   +            p - ring of protection from fire
HPRegen 0.37/turn    i - ring of resist corrosion
MPRegen 0.11/turn

%: no passive effects
@: paralysed, lethally poisoned (-2 -> -18), slowed, glowing
A: large, unfitting armour, horns 1, tough skin 1, double potion healing,
drunken brawling
a: Renounce Religion, Divine Shield


You were on level 7 of the Dungeon.
You worshipped the Shining One.
The Shining One was aware of your devotion.
You visited 2 branches of the dungeon, and saw 8 of its levels.

You collected 316 gold pieces.


Innate Abilities, Weirdness & Mutations

You are too large for most types of armour.
You have a pair of small horns on your head.
You have tough skin. (AC +1)
You gain doubled healing and magic from potions.
Whenever you drink a healing potion, you attack all around you.


   Skills:
 + Level 12.1 Fighting
 + Level 9.4 Maces & Flails
 - Level 2.6 Dodging


You had 8 spell levels left.
You didn't know any spells.
Your spell library was empty.

Inventory:

Hand Weapons
 a - the +5 demon whip "Spellbinder" {antimagic, disrupt, Will+}

   Will+:     It increases your willpower.
   The Shining One disapproves of the use of such an item.
 v - a +0 giant club
 z - a +0 flail (weapon)
Missiles
 f - a throwing net {=f}
 n - 2 large rocks {=f}
Armour
 b - a +0 robe (worn)
 d - an orb of light (worn)
 w - a +1 cloak (worn)
Jewellery
 i - a ring of resist corrosion (right hand)
 p - a ring of protection from fire (left hand)
Talismans
 s - a flux talisman
Wands
 l - a wand of paralysis (6)
 G - a wand of roots (5)
Scrolls
 e - 3 scrolls of enchant weapon {unknown}
 g - a scroll of enchant armour {unknown}
 h - a scroll of butterflies {unknown}
 k - a scroll of brand weapon {unknown}
 o - a scroll of silence {unknown}
 q - a scroll of fog {unknown}
 r - 3 scrolls of teleportation {unknown}
 t - a scroll of identify {unknown}
 x - a scroll of blinking {unknown}
 y - a scroll of immolation {unknown}
 A - a scroll of poison {unknown}
 B - a scroll of revelation {unknown}
 D - a scroll of vulnerability {unknown}
 F - a scroll of amnesia {unknown}
Potions
 c - 3 potions of cancellation {unknown}
 j - a potion of attraction {unknown}
 m - a potion of brilliance {unknown}
 u - a potion of curing {@q1}
 C - a potion of enlightenment {unknown}
 E - a potion of mutation {unknown}

Dungeon Overview and Level Annotations

Branches:
Dungeon (7/15)             Temple (1/1) D:6

Altars:
Dithmenos
Elyvilon
Gozag
Hepliaklqana
Kikubaaqudgha
Makhleb
Nemelex Xobeh
Okawaru
Qazlal
Ru
Sif Muna
Trog
Uskayaw
Vehumet
Wu Jian
Xom
Yredelemnul
Zin
The Shining One

Shops:
D:5 [ D:6

( ▒▒▒▒. .... ▒▒
.....▒▒▒..▒ ▒▒▒ .▒▒'
.......▒..▒ ▒.. . ..
..▒......▒ ▒.▒ ▒. ▒.
▒▒▒.▒.▒.▒..▒▒▒.▒
▒▒..▒▒.▒▒▒..............▒
...........▒...▒▒..▒▒▒▒▒▒
▒▒▒.▒▒.c▒▒.▒.......▒
▒.yO▒..[..▒▒▒.▒
▒▒.▒▒▒▒▒▒...▒.▒ ▒▒▒
▒.▒.▒.▒ ▒▒▒▒▒.▒.▒.▒
▒.....▒>..▒ ▒.▒▒▒▒▒.▒▒▒
▒.▒.....▒ ▒.▒.▒▒▒▒▒ ▒...▒


You could see a hornet and a centaur.


Message History

You feel very sick. The hornet stings you!
* * * LOW HITPOINT WARNING * * *
You feel as though you will be slow longer.
The centaur hits you.
* * * LOW HITPOINT WARNING * * *
The centaur barely misses you. The hornet stings you!
* * * LOW HITPOINT WARNING * * *
You feel as though you will be slow longer.
The centaur closely misses you. The centaur kicks you.
* * * LOW HITPOINT WARNING * * *
You hit the hornet but do no damage. You headbutt the hornet.
The hornet is severely wounded.
You feel sick. The hornet closely misses you. The centaur hits you.
* * * LOW HITPOINT WARNING * * *
The centaur kicks you.
* * * LOW HITPOINT WARNING * * *
The hornet stings you!
* * * LOW HITPOINT WARNING * * *
You are lethally poisoned!
You suddenly lose the ability to move!
The centaur hits you.
* * * LOW HITPOINT WARNING * * *
The centaur kicks you but does no damage.
You die...

Action                     |  1- 3 |  4- 6 |  7- 9 || total
---------------------------+-------+-------+-------++-------
  Melee: Mace              |    51 |    48 |       ||    99
         Headbutt          |     9 |    21 |    60 ||    90
         Unarmed           |       |    12 |       ||    12
         Flail             |       |    41 |   266 ||   307
    Use: Potion            |       |     4 |       ||     4
 Armour: Robe              |    34 |    71 |   220 ||   325
         Skin              |       |    43 |       ||    43
  Dodge: Dodged            |    39 |    40 |   137 ||   216

Levels and vault maps discovered:
D:1:      ncdulo_halloftheorcs, layout_basic
D:2:      layout_loops_corners
D:3:      layout_basic, mainiacjoe_overflow_tiny_flanked
D:4:      layout_basic, nemelex_spade_bored_becter, hex_intersection,
          uniq_grinder, uniq_robin
D:5:      layout_cave_pools, old_standard_altar, serial_shops,
          nicolae_take_the_stairs, uniq_pikel, uniq_crazy_yiuf_cottage
D:6:      layout_loops_ring, mainiacjoe_overflow_big_doors,
          minmay_temple_entry_glassed_door, nicolae_stop_n_shop_1
D:7:      minmay_chambers_of_sevens, layout_basic
Temple:   zaba_magenta_temple

Notes
Turn   | Place    | Note
-------+----------+-------------------------------------------
     0 | D:1      | sanka the Oni Monk began the quest for the Orb.
     0 | D:1      | Reached XP level 1. HP: 24/24 MP: 1/1
   100 | D:1      | HP: 2/24 [jackal (2)]
   104 | D:1      | Reached XP level 2. HP: 5/33 MP: 2/2
   334 | D:1      | Upgraded the game from 0.32-a0-171-g4625e66871 to
                  | 0.32-a0-290-g598725c5f2
   413 | D:1      | Reached XP level 3. HP: 29/41 MP: 3/3
   543 | D:1      | Reached skill level 5 in Fighting
   933 | D:4      | Reached skill level 4 in Maces & Flails
   933 | D:4      | Reached XP level 4. HP: 24/50 MP: 4/4
   982 | D:4      | Reached XP level 5. HP: 24/59 MP: 5/5
  1013 | D:4      | Reached skill level 6 in Fighting
  1139 | D:4      | Noticed Robin
  1153 | D:4      | Killed Robin
  1231 | D:4      | Found a sparkling altar of Nemelex Xobeh.
  1291 | D:4      | Noticed a black bear
  1299 | D:4      | Killed a black bear
  1300 | D:4      | Reached skill level 5 in Maces & Flails
  1300 | D:4      | Reached XP level 6. HP: 33/68 MP: 6/6
  1304 | D:4      | Reached skill level 7 in Fighting
  2341 | D:4      | Noticed Grinder
  2352 | D:4      | Paralysed by Grinder for 2 turns
  2356 | D:4      | Killed Grinder
  2357 | D:4      | Reached skill level 8 in Fighting
  2357 | D:4      | Reached skill level 6 in Maces & Flails
  2357 | D:4      | Reached XP level 7. HP: 73/80 MP: 7/7
  2985 | D:3      | Found an iron altar of Okawaru.
  4046 | D:5      | Entered Level 5 of the Dungeon
  4050 | D:5      | Found Pacyxkav's Antique Armour Shop.
  4137 | D:5      | Reached skill level 9 in Fighting
  4137 | D:5      | Reached XP level 8. HP: 84/92 MP: 8/8
  4319 | D:5      | Reached skill level 7 in Maces & Flails
  4574 | D:5      | Noticed Pikel
  4679 | D:5      | Killed Pikel
  4680 | D:5      | Reached skill level 10 in Fighting
  4680 | D:5      | Reached skill level 8 in Maces & Flails
  5129 | D:5      | Found a runed translucent door.
  5129 | D:5      | Found the +5 demon whip "Spellbinder" {antimagic, disrupt,
                  | Will+}
  5130 | D:5      | Noticed Crazy Yiuf
  5135 | D:5      | Killed Crazy Yiuf
  5140 | D:5      | Identified the +0 hammer "Elusiqi" {elec, rElec Will+ rCorr
                  | Str-3}
  5253 | D:5      | Found a white marble altar of Elyvilon.
  5292 | D:5      | Became a worshipper of Elyvilon the Healer
  5292 | D:5      | Reached * piety under Elyvilon
  5292 | D:5      | Reached ** piety under Elyvilon
  5480 | D:6      | Reached skill level 11 in Fighting
  5480 | D:6      | Reached XP level 9. HP: 103/105 MP: 9/9
  5503 | D:6      | Found Kaffum's Weapon Boutique.
  5907 | D:6      | Found a staircase to the Ecumenical Temple.
  5939 | Temple   | Entered the Ecumenical Temple
  6280 | D:6      | Found a glowing golden altar of the Shining One.
  6285 | D:6      | Found an ornate altar of the Wu Jian Council.
  6293 | D:6      | Fell from the grace of Elyvilon
  6293 | D:6      | Became a worshipper of the Shining One
  6293 | D:6      | Reached * piety under the Shining One
  6544 | D:7      | Reached skill level 9 in Maces & Flails
  6642 | D:7      | Reached skill level 12 in Fighting
  6712 | D:7      | Noticed a hornet
  6755 | D:7      | Paralysed by a hornet for 1 turns
  6759 | D:7      | HP: 7/106 [hornet (12)]
  6759 | D:7      | Paralysed by a hornet for 3 turns
  6759 | D:7      | HP: 2/106 [centaur (5)]
  6760 | D:7      | Succumbed to a hornet's poison

Vanquished Creatures
  Pikel (D:5)
  Grinder (D:4)
  2 water moccasins (D:7)
  A sky beast (D:7)
  A black bear (D:4)
  An ogre (D:5)
  A phantom (D:6)
  A lemure (D:4)
  2 bullfrogs
  5 scorpions
  2 jellies
  4 hounds
  A gnoll bouda (D:4)
  2 orc priests (D:5)
  Crazy Yiuf (D:5)
  A sleepcap (D:3)
  5 iguanas
  An orc wizard (D:5)
  Robin (D:4)
  6 gnolls
  3 adders
  A shadow imp (D:5)
  2 white imps (D:6)
  An ufetubus (D:6)
  3 dart slugs
  2 ribbon worms
  22 orcs
  8 endoplasms
  3 giant cockroaches
  17 goblins
  8 hobgoblins
  6 jackals
  6 kobolds
  A quokka (D:5)
  9 ball pythons
  4 bats
  4 frilled lizards
  5 rats
145 creatures vanquished.
